 Dungeon Crawl Stone Soup version 0.30-a0-702-gdf48620a09 (webtiles) character file.

Game seed: 1053248102279625591

103 Dartaoz the Shooter (level 4, -5/37 HPs)
             Began as a Minotaur Hunter on Jan 21, 2023.
             Engulfed by a cloud of flame (13 damage)
             ... on level 3 of the Dungeon.
             The game lasted 00:03:09 (1872 turns).

Dartaoz the Shooter (Minotaur Hunter)               Turns: 1872, Time: 00:03:10

Health: -5/37      AC:  3    Str: 16    XL:     4   Next: 51%
Magic:  3/3        EV: 12    Int:  6    God:
Gold:   119        SH:  0    Dex: 15    Spells: 3/3 levels left

rFire   . . .      SeeInvis .    a - +0 shortbow
rCold   . . .      Faith    .    (shield currently unavailable)
rNeg    . . .      Spirit   .    c - +0 leather armour
rPois   .          Reflect  .    (helmet restricted)
rElec   .          Harm     .    (no cloak)
rCorr   .          Rampage  .    (no gloves)
Will    .....                    (no boots)
Stlth   +                        (no amulet)
HPRegen 0.26/turn                (no ring)
MPRegen 0.08/turn                (no ring)

@: no status effects
A: horns 2, retaliatory headbutt
a: no special abilities


You were on level 3 of the Dungeon.
You visited 1 branch of the dungeon, and saw 3 of its levels.

You collected 119 gold pieces.

Inventory:

Hand Weapons
 a - a +0 shortbow (weapon)
Armour
 c - a +0 leather armour (worn)
Jewellery
 o - a ring of ice
Wands
 k - a wand of light (10)
Scrolls
 b - a scroll of immolation
 g - a scroll of poison {unknown}
 j - a scroll of enchant weapon {unknown}
 m - 3 scrolls of teleportation {unknown}
 n - 4 scrolls of identify {unknown}
 p - a scroll of torment {unknown}
 q - a scroll of fear {unknown}
Potions
 d - a potion of curing {unknown}
 e - a potion of mutation {unknown}
 f - a potion of invisibility {unknown}
 h - a potion of berserk rage {unknown}
 i - 2 potions of degeneration {unknown}
 l - 2 potions of ambrosia {unknown}
 r - a potion of resistance {unknown}


   Skills:
 - Level 2.4 Fighting
 + Level 6.6 Ranged Weapons
 - Level 2.1 Dodging
 - Level 0.7 Stealth


You had 3 spell levels left.
You didn't know any spells.
Your spell library contained the following spells:

 Spells                   Type           Power      Damage    Failure   Level
 Sandblast                Erth           0%         2d4       52%         1
 Passwall                 Tmut/Erth      0%         N/A       67%         2
 Stone Arrow              Conj/Erth      0%         3d7       88%         3


Dungeon Overview and Level Annotations

Branches:
Dungeon (3/15)

Altars:

Shops:
D:3 [


Innate Abilities, Weirdness & Mutations

You have a pair of horns on your head.
You reflexively headbutt those who attack you in melee.


Message History

The goblin shoots a sling bullet.
The sling bullet closely misses you.
You shoot an arrow.
The arrow hits the goblin but does no damage.
The goblin shoots a sling bullet.
The sling bullet closely misses you.
You shoot an arrow. The arrow hits the goblin!
You kill the goblin!
No target in view!
Found a stone staircase leading down.
Found a ring mail.
Found an escape hatch in the floor.
You see here 8 stones.
r - a clear potion
m - 3 scrolls labelled URE ORISKECORR (gained 1)
A rat comes into view.
You shoot an arrow.
The arrow hits the rat but does no damage.
An adder comes into view.
You shoot an arrow.
The arrow hits the adder but does no damage.
You shoot an arrow. The arrow hits the adder!
The adder is almost dead.
You shoot an arrow. The arrow misses the adder.
The arrow hits the rat!
You kill the rat!
The adder bites you.
You shoot an arrow. The arrow barely misses the adder.
The adder closely misses you. The adder bites you but does no damage.
You shoot an arrow. The arrow hits the adder!
You kill the adder!
No target in view!
You see here an adder corpse.
Found 4 stones.
You see here an adder corpse.
Partly explored, can't reach some items and places.
Really walk into a travel-excluded area? [Y]es or [N]o only, please.
Really walk into a travel-excluded area?
You are engulfed in blazing flames.
You are engulfed in blazing flames.
* * * LOW HITPOINT WARNING * * *
You are engulfed in blazing flames.
You die...

#.## #.§.# #.....##
#..#####...#########.....#
##..§§°.?(..°☼..#........#
#..☼§§.$$?.○§☼...###....#
##.§○§...$.☼○°.### #....#
#####...##### #.#### #§○○#
##.# #§§°# ####..# #§§@#
##....## #...#####..####
##........## ##########


There were no monsters in sight!

Vanquished Creatures
  5 adders
  A dart slug (D:3)
  An orc (D:3)
  4 endoplasms
  5 giant cockroaches
  8 goblins
  5 hobgoblins
  6 kobolds
  3 quokkas
  4 ball pythons
  2 bats
  4 frilled lizards
  5 rats
53 creatures vanquished.

Vanquished Creatures (others)
  An endoplasm (D:3)
1 creature vanquished.

Grand Total: 54 creatures vanquished

Notes
Turn   | Place    | Note
-------+----------+-------------------------------------------
     0 | D:1      | Dartaoz the Minotaur Hunter began the quest for the Orb.
     0 | D:1      | Reached XP level 1. HP: 18/18 MP: 0/0
   168 | D:1      | Reached XP level 2. HP: 24/25 MP: 1/1
   314 | D:1      | Found a faded altar of an unknown god.
   344 | D:1      | Reached skill level 5 in Ranged Weapons
  1042 | D:2      | Reached XP level 3. HP: 27/30 MP: 2/2
  1163 | D:2      | Reached skill level 6 in Ranged Weapons
  1396 | D:3      | Reached XP level 4. HP: 37/37 MP: 3/3
  1480 | D:3      | Found Qukohofume's Antique Armour Shop.
  1872 | D:3      | Engulfed by a cloud of flame

Illustrated notes

Levels and vault maps discovered:
D:1:      dpeg_arrival_morbid_curiosity, layout_loops_corners,
          ebering_ecumenical_altar_abandoned
D:2:      layout_rooms
D:3:      layout_rooms, serial_shops, shop, lemuel_flame_loot_1

Skill      XL: |  1  2  3 |
---------------+----------+-----
Ranged Weapons | 5 6 |  6.6
Fighting       | |  2.4
Dodging        | |  2.1
Stealth        | |  0.7

Action                   |  1- 3 |  4- 6 || total
-------------------------+-------+-------++-------
 Fire: Shortbow          |    86 |    35 ||   121
Armor: Leather armour    |     8 |     1 ||     9
Dodge: Dodged            |    27 |     7 ||    34

Table legend: (Time is in decaauts)
 A = Elapsed time spent in this place.
 B = Non-inter-level travel time spent in this place.
 C = Inter-level travel time spent in this place.
 D = Time resting spent in this place.
 E = Time spent auto-exploring this place.
 F = Levels seen in this place.
 G = Mean time per level.
                   A        B        C        D        E       F      G
               +--------+--------+--------+--------+--------+-----+--------+
         Total |   1902 |   1881 |     21 |      0 |   1612 |   3 |  634.0 |
       Dungeon |   1902 |   1881 |     21 |      0 |   1612 |   3 |  634.0 |
               +--------+--------+--------+--------+--------+-----+--------+

Top non-repeatable levels by time:
     D:1: 971 daAuts
     D:3: 486 daAuts
     D:2: 444 daAuts
